Map: Acid Plant LE

Players

eXotic

  • Race: Zerg Zerg
  • League: Diamond
  • Spawn Location: 5:00

JeiNex - Winner!

  • Race: Zerg Zerg
  • League: Diamond
  • Spawn Location: 11:00

VOD

Have the link to the VOD?

Description

Time

  • Played on: April 10, 2018, 11:12 p.m.
  • Length: 15:36
Show
View Real Time Build Order
Export as new Build Order

eXotic Zerg 

Build Orders: Hatch First 

Get SALT Encoding   

  12  0:01  Drone  
  13  0:13  Overlord  
  13  0:20  Drone  
  14  0:31  Drone x2  
  16  0:36  Drone  
  17  0:52  Hatchery  
  17  0:56  Drone  
  17  0:59  Drone  
  18  1:11  Extractor  
  18  1:15  Spawning Pool  
  18  1:17  Drone  
  17  1:20  Drone  
  18  1:33  Drone  
  19  1:40  Overlord  
  19  1:53  Drone  
  20  2:04  Queen  
  20  2:05  Zergling x4  
  20  2:06  Queen  
  26  2:12  Zergling x2  
  27  2:16  Metabolic Boost  
  27  2:19  Drone  
  28  2:26  Drone x2  
  30  2:34  Overlord  
  30  2:49  Queen  
  32  2:57  Baneling Nest  
  31  3:02  Drone x2, Overlord  
  33  3:06  Drone x3  
  36  3:15  Overlord  
  36  3:16  Drone x3  
  39  3:31  Overlord  
  39  3:32  Zergling x6, Evolution Chamber  
  41  3:47  Overlord  
  39  3:49  Baneling x2  
  39  3:53  Zergling x2, Hatchery  
  39  3:59  Baneling x4  
  39  4:05  Evolution Chamber  
  39  4:08  Evolution Chamber  
  37  4:15  Zergling x10  
  42  4:25  Lair  
  42  4:28  Roach Warren  
  42  4:30  Extractor  
  39  4:44  Evolution Chamber  
  37  5:01  Baneling x2  
  37  5:04  Queen  
  37  5:10  Drone x12  
  44  5:27  Roach x2  
  45  5:49  Roach x6  
  53  5:57  Roach x2  
  56  6:22  Roach x2  
  60  6:38  Hatchery  
  59  6:45  Glial Reconstitution  
  59  7:00  Zergling x6  
  59  7:01  Baneling Nest  
  59  7:33  Ravager x2  
  59  7:35  Ravager x2  
  63  7:40  Hatchery  
  62  7:54  Baneling x6  
  62  8:20  Hatchery  
  62  8:22  Drone x11  
  62  8:23  Evolution Chamber  
  62  8:25  Extractor, Evolution Chamber  
  62  8:26  Extractor, Queen  
  69  8:47  Roach x3  
  75  8:50  Zerg Missile Weapons Level 1  
  75  8:51  Zerg Ground Armor Level 1  
  75  8:53  Overlord x2  
  75  9:05  Overlord x3  
  75  9:18  Roach x4  
  83  9:28  Hatchery  
  82  9:35  Overlord x2  
  82  9:42  Overlord x2  
  82  9:45  Drone  
  82  9:46  Drone x2  
  82  9:48  Overseer  
  85  9:57  Queen  
  85  9:58  Drone x2  
  89  10:03  Overlord  
  85  10:32  Drone  
  85  10:33  Drone x12  
  87  10:44  Roach x3  
  87  10:46  Zerg Missile Weapons Level 2  
  93  10:54  Roach  
  95  11:03  Roach x3  
  77  11:28  Roach x12  
  83  12:14  Queen  
  83  12:15  Queen x2, Hydralisk Den  
  87  12:16  Zerg Ground Armor Level 2  
  87  12:19  Ravager x5  
  87  12:20  Roach x9  
  111  12:26  Zergling x8  
  111  12:28  Zergling x2  
  116  12:33  Extractor  
  116  12:35  Extractor  
  91  13:08  Roach x15  
  91  13:09  Roach x2  
  94  13:36  Hydralisk, Muscular Augments  
  94  13:37  Hydralisk x5  
  106  13:44  Queen  
  108  14:00  Roach x6  
  120  14:12  Ravager  
  120  14:15  Ravager  
  122  14:17  Queen  
  122  14:22  Unknown  
  122  14:24  Hydralisk x5  
  134  14:35  Roach x4  
  134  14:36  Overlord  
  142  14:40  Roach  
  142  14:43  Zergling x4  
  146  14:51  Ravager  
  146  14:52  Ravager x4  
  151  14:54  Ravager x2  
  151  14:56  Roach x3  
Show
View Real Time Build Order
Export as new Build Order

JeiNex Zerg - Winner!

Build Orders: Hatch First, Zergling Baneling 

Get SALT Encoding   

  12  0:01  Drone  
  13  0:13  Overlord  
  13  0:17  Drone  
  14  0:31  Drone x2  
  16  0:35  Drone  
  17  0:53  Hatchery  
  16  0:57  Drone  
  16  1:00  Drone  
  16  1:02  Extractor  
  17  1:16  Spawning Pool  
  16  1:20  Drone  
  16  1:24  Drone  
  18  1:29  Drone  
  19  1:40  Overlord  
  19  1:51  Drone  
  20  2:03  Metabolic Boost  
  20  2:04  Queen  
  20  2:07  Queen  
  24  2:12  Zergling x2  
  24  2:14  Zergling x2  
  26  2:23  Baneling Nest  
  26  2:25  Drone  
  26  2:28  Drone  
  27  2:34  Drone  
  27  2:35  Drone  
  29  2:38  Drone  
  30  2:58  Hatchery  
  30  3:05  Overlord  
  29  3:10  Overlord  
  29  3:14  Zergling x4  
  31  3:20  Zergling x2  
  31  3:21  Zergling x2  
  33  3:31  Zergling x8  
  33  3:49  Zergling x2  
  33  3:50  Zergling x10  
  33  3:54  Baneling x2  
  39  4:09  Baneling  
  39  4:10  Baneling x8  
  39  4:13  Zergling x2  
  40  4:18  Zergling x2  
  40  4:19  Zergling x2  
  42  4:38  Baneling x3  
  36  4:42  Zergling x12  
  40  5:00  Zergling x12  
  40  5:05  Baneling x2  
  40  5:06  Baneling  
  45  5:10  Zergling x2  
  45  5:13  Zergling x2  
  46  5:18  Baneling  
  44  5:26  Baneling  
  43  5:29  Zergling x6  
  43  5:30  Zergling x2  
  47  5:40  Zergling x6  
  50  5:49  Zergling x6  
  52  5:56  Zergling x2  
  52  5:57  Zergling x2  
  53  6:07  Drone  
  53  6:08  Drone x3  
  54  6:12  Drone  
  52  6:22  Zergling x2  
  52  6:23  Zergling x6  
  50  6:30  Zergling x4  
  52  6:36  Zergling x2  
  52  6:37  Zergling x4  
  55  6:46  Zergling x2  
  56  6:47  Zergling x2  
  56  6:50  Overlord  
  57  6:58  Roach Warren  
  57  7:00  Extractor  
  55  7:02  Extractor  
  55  7:03  Extractor  
  55  7:05  Drone x3  
  53  7:22  Drone x2  
  53  7:23  Drone x3  
  53  7:24  Drone  
  53  7:27  Drone  
  53  7:28  Drone  
  59  7:31  Drone  
  59  7:36  Drone x2  
  62  7:41  Overlord  
  62  7:51  Overlord  
  62  8:07  Overlord x2  
  62  8:08  Overlord x2  
  62  8:27  Evolution Chamber x2  
  60  8:31  Roach x2  
  60  8:32  Roach x5  
  73  8:35  Drone  
  73  8:37  Drone  
  73  8:38  Drone  
  73  8:41  Drone  
  77  8:42  Drone  
  78  8:53  Drone x5  
  83  8:56  Drone  
  83  8:58  Drone  
  83  9:01  Extractor  
  84  9:04  Drone x2  
  84  9:06  Drone  
  87  9:11  Zerg Missile Weapons Level 1  
  87  9:15  Zerg Ground Armor Level 1  
  87  9:20  Drone  
  87  9:21  Drone x2  
  87  9:22  Drone  
  91  9:30  Overlord x2  
  91  9:31  Overlord  
  91  9:43  Overlord  
  91  9:45  Roach x2  
  95  9:46  Roach  
  95  9:48  Baneling  
  95  9:49  Baneling x10  
  95  9:50  Baneling  
  95  9:51  Baneling x2  
  97  9:53  Baneling  
  97  9:54  Baneling x2  
  97  9:55  Baneling x2  
  97  9:56  Baneling x2  
  97  9:57  Baneling  
  97  10:02  Roach  
  97  10:03  Roach  
  100  10:07  Roach x2  
  100  10:08  Roach  
  100  10:10  Roach  
  107  10:16  Roach x3  
  113  10:22  Roach x3  
  115  10:29  Roach  
  115  10:30  Roach x3  
  115  10:34  Lair  
  118  10:36  Ravager  
  118  10:37  Drone x2  
  118  10:38  Drone  
  118  10:39  Drone  
  118  10:40  Drone  
  124  10:48  Overlord  
  124  10:49  Extractor, Overlord  
  123  10:50  Extractor  
  123  10:53  Roach  
  123  10:54  Roach x2  
  124  11:04  Overlord  
  120  11:16  Roach  
  120  11:17  Roach x9  
  129  11:23  Drone x2  
  125  11:28  Roach  
  125  11:29  Roach  
  125  11:38  Roach x6  
  125  11:39  Roach  
  139  11:41  Ravager  
  139  11:44  Roach x3  
  140  11:57  Roach x3  
  140  12:00  Zerg Missile Weapons Level 2  
  140  12:01  Zerg Ground Armor Level 2  
  133  12:06  Drone x3  
  133  12:07  Drone  
  133  12:10  Roach x3  
  139  12:22  Ravager x3  
  142  12:25  Roach x3  
  148  12:33  Hatchery  
  148  12:35  Overlord x2  
  147  12:41  Zergling x14  
  135  13:00  Zergling x2  
  135  13:01  Zergling x10  
  118  13:08  Roach x5  
  108  13:16  Roach  
  97  13:30  Roach  
  97  13:31  Roach x4  
  94  13:37  Roach  
  93  13:45  Roach  
  93  13:46  Roach x2  
  93  13:48  Roach, Queen  
  101  13:49  Queen  
  101  13:51  Roach x2  
  101  13:55  Hydralisk Den  
  108  14:01  Roach x4  
  116  14:03  Overseer  
  116  14:10  Overlord  
  116  14:11  Drone  
  116  14:12  Drone x5  
  122  14:20  Drone  
  123  14:32  Hydralisk x9  
  141  14:40  Lurker Den  
  141  14:43  Hydralisk  
  141  14:44  Hydralisk x5, Infestation Pit  
  151  14:54  Extractor  
  151  14:56  Extractor, Roach x5  
  151  14:57  Roach  
  161  15:01  Hydralisk x4  
  161  15:06  Roach x3  
  175  15:12  Ravager  
  176  15:15  Roach x3  
  176  15:16  Roach x2  
Tags
 
Add a new tag
Caveats
  • Supply blocks, unpowered buildings, or Contaminate may cause inaccurate times.
  • Supply counts are checked every 10 seconds.